 Dungeon Crawl Stone Soup version 0.31.0-32-g396128a36d (webtiles) character file.

Game seed: 16176595060701832348

42 Henri the Cudgeller (level 3, -1/23 HPs)
             Began as a Gargoyle Fighter on Mar 29, 2024.
             Was a Follower of Zin.
             Slain by a gnoll
             ... wielding a +0 halberd
              (2 damage)
             ... on level 2 of the Dungeon.
             The game lasted 00:02:46 (1023 turns).

Henri the Cudgeller (Gargoyle Fighter)              Turns: 1023, Time: 00:02:47

Health: -1/23      AC: 10    Str: 27    XL:     3   Next: 56%
Magic:  3/3        EV:  9    Int:  8    God:    Zin [*.....]
Gold:   66         SH:  4    Dex:  9    Spells: 2/2 levels left

rFire   . . .        a - +0 flail
rCold   . . .        c - +0 buckler
rNeg    + . .        b - +0 scale mail
rPois   ∞            (no helmet)
rElec   +            (no cloak)
rCorr   .            (no gloves)
SInv    .            (no boots)
Will    .....        (no amulet) Stlth
                     e - +6 ring of strength
HPRegen 0.23/turn    f - ring of flight
MPRegen 0.08/turn

%: no passive effects
@: flying
A: sickness immunity, AC +3, negative energy resistance 1, electricity
resistance, torment resistance 1, petrification resistance
a: Renounce Religion, Recite, Donate Gold


You were on level 2 of the Dungeon.
You worshipped Zin.
Zin was aware of your devotion.
You visited 1 branch of the dungeon, and saw 2 of its levels.

You collected 73 gold pieces.
You donated 7 gold pieces to Zin.

Inventory:

Hand Weapons
 a - a +0 flail (weapon)
Missiles
 j - 10 poisoned darts (quivered)
Armour
 b - a +0 scale mail (worn)
 c - a +0 buckler (worn)
Jewellery
 e - a +6 ring of strength (left hand)
 f - a ring of flight (right hand)
Scrolls
 g - a scroll of revelation {unknown}
 h - a scroll of enchant armour {unknown}
 k - a scroll of vulnerability {unknown}
Potions
 d - a potion of might
 i - 2 potions of curing {unknown}


   Skills:
 - Level 3.2 Fighting
 + Level 3.8 Maces & Flails
 - Level 3.2 Armour
 - Level 3.2 Shields


You had 2 spell levels left.
You didn't know any spells.
Your spell library was empty.

Dungeon Overview and Level Annotations

Branches:
Dungeon (2/15)

Altars:
Uskayaw
Zin


Innate Abilities, Weirdness & Mutations

You are immune to sickness and miasma.
Your stone body is resilient. (AC +3)
You are immune to poison.
You resist negative energy. (rN+)
You are resistant to electric shocks. (rElec)
You are resistant to unholy torment.
You are immune to petrification.


Message History

A gnoll comes into view. It is wielding a +0 flail.
You barely miss the kobold. You block the kobold's attack.
The kobold hits you with a +0 short sword.
You closely miss the kobold. The kobold hits you but does no damage.
You hit the kobold but do no damage.
The kobold hits you with a +0 short sword.
You hit the kobold.
You kill the kobold!
The gnoll misses you.
You barely miss the gnoll.
The gnoll hits you but does no damage. x2
You hit the gnoll.
The gnoll is moderately wounded.
You block the gnoll's attack. The gnoll hits you but does no damage.
You block the gnoll's attack.
You hit the gnoll.
The gnoll is severely wounded.
The gnoll hits you with a +0 club.
The gnoll hits you from afar with a +0 halberd.
You hit the gnoll.
The gnoll is almost dead.
The gnoll hits you with a +0 club. The gnoll hits you but does no damage.
You closely miss the gnoll.
The gnoll is almost dead.
The gnoll hits you but does no damage. x2; The gnoll barely misses you.
You hit the gnoll.
You kill the gnoll!
The gnoll hits you but does no damage. The gnoll barely misses you.
Items here: $ )) †.
You sock the gnoll!
The gnoll is heavily wounded.
The gnoll hits you with a +0 halberd. You block the gnoll's attack.
You barely miss the gnoll.
The gnoll is heavily wounded.
The gnoll hits you with a +0 halberd!
* * * LOW HITPOINT WARNING * * *
You hit the gnoll.
The gnoll is severely wounded.
The gnoll hits you with a +0 halberd.
You die...

##......# ####.####....
##......# #............
).......# #.##.####....
........# # #.# . .#.#.#....
#.# .......###.# #.###
.#.#....##.## #...# ####
.#.####...... #g#'###
###'.#### ##.#
#....#####@##..###..#....#
.#.####.....
..#.##...8...####.#
.#......#.####.#..##.....##
#.#
.........[...#.#####8._.8#
#.# .###......#.##.#
##.....## #.#
.##.......#....####...8...#
#.#
.##.......###.....#..###..##
#.# .##.......#
#.###.'###.###'###.#
........### #.# ####
##>.......#


You could see a gnoll.

Vanquished Creatures
  A gnoll (D:2)
  3 dart slugs (D:1)
  A bat (D:1)
  3 endoplasms
  A goblin (D:1)
  5 hobgoblins (D:1)
  3 ball pythons
  2 frilled lizards (D:1)
  4 kobolds
  2 rats
25 creatures vanquished.

Notes
Turn   | Place    | Note
-------+----------+-------------------------------------------
     0 | D:1      | Henri the Gargoyle Fighter began the quest for the Orb.
     0 | D:1      | Reached XP level 1. HP: 14/14 MP: 1/1
   120 | D:1      | Reached XP level 2. HP: 19/19 MP: 2/2
   486 | D:1      | Reached XP level 3. HP: 23/23 MP: 3/3
   880 | D:2      | Found a hide-covered altar of Uskayaw.
   931 | D:2      | Found a faded altar of an unknown god.
   941 | D:2      | Prayed at the altar of an unknown god.
   941 | D:2      | Became a worshipper of Zin the Law-Giver
   941 | D:2      | Reached * piety under Zin
  1022 | D:2      | HP: 1/23 [gnoll/+0 halberd (11)]
  1023 | D:2      | Slain by a gnoll

Illustrated notes

Levels and vault maps discovered:
D:1:      dpeg_arrival_central, layout_basic
D:2:      layout_basic, hellmonk_ecumenical_altar_slurped_away, basic_altar

Skill      XL: |  1  2 |
---------------+-------+-----
Maces & Flails | 3 |  3.8
Fighting       | |  3.2
Armour         | |  3.2
Shields        | |  3.2

Action                     || total
---------------------------++-------
  Melee: Flail             ||    87
 Armour: Scale mail        ||    49
  Dodge: Dodged            ||    27
  Block: Buckler           ||    21
